Sharks vs Oilers

Created - 15 janvier 2021 at 12:06

Goals
1 2 3 OT1 T
Sharks 0 1 1 1 3
Oilers 0 2 0 0 2
Shots
1 2 3 OT1 T
Sharks 4 12 10 4 30
Oilers 6 11 8 5 30

1st period

No Goal

Penalties :
Mark Borowiecki (SJS) for High sticking (Double Minor) at 8:06, Dennis Gilbert (EDM) for Hooking (Minor) at 16:26

2nd period

1. Oilers , Nico Hischier 7 (Sonny Milano 10) at 0:28
2. Oilers , Evgeni Dadonov 8 (Kevin Shattenkirk 4, Connor McDavid 8) at 2:09
3. Sharks , Boone Jenner 11 (Alex Pietrangelo 9) at 11:01

Penalties :
Dennis Gilbert (EDM) for Hooking (Minor) at 3:28

3rd period

4. Sharks , Sidney Crosby 16 (Jonathan Huberdeau 17, Gabriel Landeskog 13) at 0:14

Penalties :
Dennis Gilbert (EDM) for High sticking (Double Minor) at 12:04

Overtime #1

5. Sharks , Sidney Crosby 17 (Gabriel Landeskog 14, Darcy Kuemper) at 4:04

Penalties :
No Penalty

Goalie Stats

Darcy Kuemper (SJS), 28 saves from 30 shots - (0,933), W, 11-4-1, 64:04 minutes
Kaapo Kahkonen (EDM), 27 saves from 30 shots - (0,900), OTL, 2-3-1, 64:04 minutes

Players Stats for Sharks

Player Name              G  A  P  +/- PIM S  H  SB GA TA FO     MP     PP MP  PK MP  
------------------------------------------------------------------------------------
Alex Pietrangelo         0  1  1   2  0   1  0  6  1  1  0/0    27:07   4:19   1:53 
Andreas Johnsson         0  0  0   0  0   1  2  0  0  0  0/0    14:36   0:00   0:00 
Boone Jenner             1  0  1   0  0   4  1  2  1  0  9/17   21:41   3:53   1:38 
Brendan Gaunce           0  0  0   1  0   0  1  0  0  0  0/0     8:08   0:00   1:25 
Colton Sceviour          0  0  0   0  0   0  0  0  0  1  0/1     3:09   0:00   1:27 
Dylan Larkin             0  0  0   1  0   3  1  1  0  0  3/8    19:24   4:04   0:20 
Gabriel Landeskog        0  2  2   0  0   2  3  2  0  0  0/0    22:45   4:04   0:33 
Jonathan Huberdeau       0  1  1   1  0   6  2  1  1  1  0/1    22:48   3:53   1:13 
Justin Braun             0  0  0  -1  0   1  2  0  0  0  0/0    19:36   0:00   1:49 
Kenny Agostino           0  0  0  -1  0   1  3  1  0  0  0/0    10:59   0:00   0:00 
Mark Borowiecki          0  0  0   1  4   0  4  1  0  1  0/0    21:13   3:38   0:00 
Michael Raffl            0  0  0   1  0   0  1  1  1  0  0/0     8:05   0:00   1:22 
Mirco Mueller            0  0  0   0  0   0  1  0  0  1  0/0    13:31   0:00   1:35 
Robert Thomas            0  0  0  -1  0   1  0  1  1  1  0/1    12:11   0:00   0:00 
Shea Theodore            0  0  0   0  0   1  0  1  0  0  0/0    17:02   4:19   0:56 
Sidney Crosby            2  0  2   0  0   5  4  0  1  0  14/22  22:12   4:04   0:00 
Teuvo Teravainen         0  0  0   0  0   0  1  0  1  0  0/0    18:05   3:53   0:00 
Zach Werenski            0  0  0  -1  0   4  0  0  0  1  0/0    25:40   3:38   1:45 

Players Stats for Oilers

Player Name              G  A  P  +/- PIM S  H  SB GA TA FO     MP     PP MP  PK MP  
------------------------------------------------------------------------------------
Adam Erne                0  0  0   0  0   0  1  1  0  0  0/0    13:35   0:00   3:45 
Bobby Ryan               0  0  0   0  0   0  0  0  1  0  1/1    16:05   1:37   0:10 
Brandon Montour          0  0  0  -3  0   0  5  0  0  0  0/0    25:09   1:51   4:29 
Brendan Smith            0  0  0  -2  0   0  3  1  0  0  0/0    22:19   0:45   3:28 
Brenden Dillon           0  0  0   2  0   0  5  0  0  1  0/0    21:39   1:23   3:28 
Christian Djoos          0  0  0   0  0   1  0  2  0  2  0/0    19:45   1:23   4:29 
Connor McDavid           0  1  1   0  0   4  1  0  2  1  7/18   18:37   1:43   0:00 
Dennis Gilbert           0  0  0   0  8   1  4  1  0  0  0/0    15:22   0:45   0:00 
Evgeni Dadonov           1  0  1   0  0   6  1  0  0  0  2/4    18:18   1:43   0:00 
Jordan Nolan             0  0  0   0  0   0  1  0  0  0  0/0    10:21   0:49   0:00 
Kevin Shattenkirk        0  1  1   2  0   4  1  0  0  1  0/0    20:21   1:51   0:00 
Kyle Okposo              0  0  0  -1  0   0  1  1  0  0  1/1    18:07   1:34   0:00 
Nathan Gerbe             0  0  0   0  0   1  2  0  0  0  1/1     9:45   0:30   0:00 
Nico Hischier            1  0  1  -1  0   4  1  0  2  0  7/13   16:56   1:39   0:00 
Sam Gagner               0  0  0   0  0   1  1  0  0  0  1/3    13:35   0:00   3:45 
Sonny Milano             0  1  1   0  0   4  2  1  1  2  0/1    15:30   1:24   0:12 
Tomas Nosek              0  0  0   0  0   2  1  0  1  0  4/8    13:18   0:00   4:00 
Tyler Motte              0  0  0   0  0   2  1  1  0  0  0/0    15:30   0:58   4:02 

3 Stars

1 - Sidney Crosby (SJS)
2 - Gabriel Landeskog (SJS)
3 - Alex Pietrangelo (SJS)

Power Play

Sharks - 0 on 4 Attempt(s) - 0,00%
Oilers - 0 on 2 Attempt(s) - 0,00%

Penalty Kill

Sharks - 2 on 2 Attempt(s) - 100,00% - Score 0 goal in Penalty Kill
Oilers - 4 on 4 Attempt(s) - 100,00% - Score 0 goal in Penalty Kill

Team Stat

Sharks - Hits : 26 - Faceoff Wins : 26 - Blocked Shots : 17 - Penalty Minutes : 4
Oilers - Hits : 31 - Faceoff Wins : 24 - Blocked Shots : 8 - Penalty Minutes : 8

Official

Referees : Pierre Lambert and Robert Hennessey
Linesman : Shandor Alphonso and Kiel Murchison

Game Notes

No Game Note

Finance

Level 1 -- Attendance: 4548 (75,80%) -- Ticket Income 477 540 $
Level 2 -- Attendance: 3913 (78,26%) -- Ticket Income 254 345 $
Level 3 -- Attendance: 1954 (97,70%) -- Ticket Income 74 252 $
Level 4 -- Attendance: 3135 (78,38%) -- Ticket Income 72 105 $
Luxury Box -- Attendance: 760 (76,00%) -- Ticket Income 144 400 $
Game was played at the Edmonton Coliseum.
Total Attendance: 14310 (79,50%)
Total Ticket Income: 1 022 642 $
Other Income: 501 095 $
Total Income: 1 523 737 $

Sharks

5 vs 5 Forward 
   Center                   Left Wing                Right Wing               Time % Phy DF OF 
 1 Sidney Crosby            Jonathan Huberdeau       Gabriel Landeskog        32     0   2  3  
 2 Dylan Larkin             Andreas Johnsson         Teuvo Teravainen         28     0   2  3  
 3 Boone Jenner             Kenny Agostino           Robert Thomas            25     0   4  1  
 4 Boone Jenner             Brendan Gaunce           Michael Raffl            15     0   5  0  

5 vs 5 Defense 
   Defense                  Defense                                           Time % Phy DF OF 
 1 Alex Pietrangelo         Mark Borowiecki                                   38     0   4  1  
 2 Zach Werenski            Justin Braun                                      36     0   4  1  
 3 Shea Theodore            Mirco Mueller                                     21     0   5  0  
 4 Alex Pietrangelo         Zach Werenski                                     5      0   5  0  

PowerPlay Forward 
   Center                   Left Wing                Right Wing               Time % Phy DF OF 
 1 Sidney Crosby            Gabriel Landeskog        Dylan Larkin             55     0   0  5  
 2 Boone Jenner             Teuvo Teravainen         Jonathan Huberdeau       45     0   0  5  

PowerPlay Defense
   Defense                  Defense                                           Time % Phy DF OF 
 1 Alex Pietrangelo         Shea Theodore                                     55     0   1  4  
 2 Mark Borowiecki          Zach Werenski                                     45     0   1  4  

Penalty Kill 4 Players Forward 
   Center                   Wing                     Time % Phy DF OF 
 1 Boone Jenner             Colton Sceviour          55     0   5  0  
 2 Brendan Gaunce           Michael Raffl            45     0   5  0  

Penalty Kill 4 Players Defense
   Defense                  Defense                  Time % Phy DF OF 
 1 Alex Pietrangelo         Zach Werenski            55     0   5  0  
 2 Mark Borowiecki          Justin Braun             45     0   5  0  

Penalty Kill - 3 Players Forward 
   Forward                                           Time % Phy DF OF 
 1 Colton Sceviour                                   55     0   5  0  
 2 Brendan Gaunce                                    45     0   5  0  

Penalty Kill - 3 Players Defense
   Defense                  Defense                  Time % Phy DF OF 
 1 Alex Pietrangelo         Zach Werenski            55     0   5  0  
 2 Mark Borowiecki          Justin Braun             45     0   5  0  

4 vs 4 Forward 
   Center                   Wing                     Time % Phy DF OF 
 1 Sidney Crosby            Gabriel Landeskog        55     0   3  2  
 2 Dylan Larkin             Jonathan Huberdeau       45     0   3  2  

4 vs 4 Defense
   Defense                  Defense                  Time % Phy DF OF 
 1 Alex Pietrangelo         Zach Werenski            55     0   4  1  
 2 Mark Borowiecki          Justin Braun             45     0   4  1  

Last Minutes Offensive
   Center                   Left Wing                Right Wing               Defense                  Defense                  
   Sidney Crosby            Gabriel Landeskog        Dylan Larkin             Alex Pietrangelo         Zach Werenski            

Last Minutes Defensive
   Center                   Left Wing                Right Wing               Defense                  Defense                  
   Sidney Crosby            Gabriel Landeskog        Dylan Larkin             Alex Pietrangelo         Zach Werenski            

Goaltenders
Starting : Darcy Kuemper            
Backup : Jake Allen               

Extra Forwards
Normal : Andreas Johnsson, Robert Thomas, Colton Sceviour - PP : Andreas Johnsson, Robert Thomas - PK : Colton Sceviour
Extra Defensemen
Normal : Shea Theodore, Mirco Mueller, Mark Borowiecki - PP : Shea Theodore - PK : Mirco Mueller, Mark Borowiecki
Penalty Shots
Sidney Crosby, Gabriel Landeskog, Dylan Larkin, Jonathan Huberdeau, Teuvo Teravainen
Custom OT Lines Forwards
Sidney Crosby, Gabriel Landeskog, Dylan Larkin, Jonathan Huberdeau, Teuvo Teravainen, Boone Jenner, Andreas Johnsson, Robert Thomas, Colton Sceviour, Kenny Agostino
Custom OT Lines Defensemen
Alex Pietrangelo, Zach Werenski, Mark Borowiecki, Justin Braun, Shea Theodore

Scratches
Dillon Dube (Healthy)

Oilers

5 vs 5 Forward 
   Center                   Left Wing                Right Wing               Time % Phy DF OF 
 1 Connor McDavid           Evgeni Dadonov           Kyle Okposo              30     1   2  2  
 2 Nico Hischier            Sonny Milano             Bobby Ryan               30     1   2  2  
 3 Sam Gagner               Tyler Motte              Adam Erne                20     1   2  2  
 4 Tomas Nosek              Nathan Gerbe             Jordan Nolan             20     1   2  2  

5 vs 5 Defense 
   Defense                  Defense                                           Time % Phy DF OF 
 1 Kevin Shattenkirk        Brenden Dillon                                    35     1   2  2  
 2 Brandon Montour          Brendan Smith                                     35     1   2  2  
 3 Dennis Gilbert           Christian Djoos                                   30     1   2  2  
 4 Brenden Dillon           Kevin Shattenkirk                                 0      1   2  2  

PowerPlay Forward 
   Center                   Left Wing                Right Wing               Time % Phy DF OF 
 1 Connor McDavid           Evgeni Dadonov           Kyle Okposo              50     1   2  2  
 2 Nico Hischier            Bobby Ryan               Sonny Milano             50     1   2  2  

PowerPlay Defense
   Defense                  Defense                                           Time % Phy DF OF 
 1 Kevin Shattenkirk        Brandon Montour                                   50     1   2  2  
 2 Brenden Dillon           Christian Djoos                                   50     1   2  2  

Penalty Kill 4 Players Forward 
   Center                   Wing                     Time % Phy DF OF 
 1 Tomas Nosek              Tyler Motte              50     1   2  2  
 2 Sam Gagner               Adam Erne                50     1   2  2  

Penalty Kill 4 Players Defense
   Defense                  Defense                  Time % Phy DF OF 
 1 Brenden Dillon           Brendan Smith            50     1   2  2  
 2 Dennis Gilbert           Brandon Montour          50     1   2  2  

Penalty Kill - 3 Players Forward 
   Forward                                           Time % Phy DF OF 
 1 Tomas Nosek                                       50     1   2  2  
 2 Nico Hischier                                     50     1   2  2  

Penalty Kill - 3 Players Defense
   Defense                  Defense                  Time % Phy DF OF 
 1 Brenden Dillon           Brendan Smith            50     1   2  2  
 2 Dennis Gilbert           Brandon Montour          50     1   2  2  

4 vs 4 Forward 
   Center                   Wing                     Time % Phy DF OF 
 1 Connor McDavid           Evgeni Dadonov           50     1   2  2  
 2 Nico Hischier            Kyle Okposo              50     1   2  2  

4 vs 4 Defense
   Defense                  Defense                  Time % Phy DF OF 
 1 Kevin Shattenkirk        Brenden Dillon           50     1   2  2  
 2 Brendan Smith            Brandon Montour          50     1   2  2  

Last Minutes Offensive
   Center                   Left Wing                Right Wing               Defense                  Defense                  
   Connor McDavid           Evgeni Dadonov           Kyle Okposo              Kevin Shattenkirk        Brandon Montour          

Last Minutes Defensive
   Center                   Left Wing                Right Wing               Defense                  Defense                  
   Connor McDavid           Evgeni Dadonov           Kyle Okposo              Kevin Shattenkirk        Brandon Montour          

Goaltenders
Starting : Kaapo Kahkonen           
Backup : Ryan Miller              

Extra Forwards
Normal : Jordan Nolan, Tyler Motte, Sonny Milano - PP : Jordan Nolan, Tyler Motte - PK : Sonny Milano
Extra Defensemen
Normal : Brandon Montour, Kevin Shattenkirk, Brenden Dillon - PP : Kevin Shattenkirk - PK : Dennis Gilbert, Christian Djoos
Penalty Shots
Connor McDavid, Nico Hischier, Evgeni Dadonov, Kyle Okposo, Bobby Ryan
Custom OT Lines Forwards
Connor McDavid, Nico Hischier, Evgeni Dadonov, Kyle Okposo, Bobby Ryan, Tyler Motte, Sam Gagner, Sonny Milano, Tomas Nosek, Nathan Gerbe
Custom OT Lines Defensemen
Kevin Shattenkirk, Brandon Montour, Dennis Gilbert, Christian Djoos, Brenden Dillon

Scratches
Jordan Oesterle (Broken Bone (Right Leg) Injury), Ben Street (Healthy), Thomas Greiss (Healthy)

% Time on Ice - Sharks

Lines # - Real PCT - Wanted PCT - Time Play
Normal Forward
1 - 34% - 32% - 16:22
2 - 29% - 28% - 14:06
3 - 23% - 25% - 10:59
4 - 14% - 15% - 6:37
Normal Defense
1 - 37% - 38% - 17:34
2 - 38% - 36% - 18:14
3 - 23% - 21% - 11:16
4 - 2% - 5% - 1:00
PP Forward
1 - 51% - 55% - 4:04
2 - 49% - 45% - 3:53
PP Defense
1 - 54% - 55% - 4:19
2 - 46% - 45% - 3:38
PK Forward
1 - 64% - 55% - 2:34
2 - 36% - 45% - 1:25
PK Defense
1 - 41% - 55% - 1:38
2 - 59% - 45% - 2:21
PK3 Forward
1 - 0% - 55%
2 - 0% - 45%
PK3 Defense
1 - 0% - 55%
2 - 0% - 45%
44 Forward
1 - 0% - 55%
2 - 0% - 45%
44 Defense
1 - 0% - 55%
2 - 0% - 45%
Last Minute Offensive  - 0:00
Last Minute Defensive  - 0:00
Total
Forward - 60:00
Defense - 60:00

% Time on Ice - Oilers

Lines # - Real PCT - Wanted PCT - Time Play
Normal Forward
1 - 32% - 30% - 15:31
2 - 29% - 30% - 13:52
3 - 20% - 20% - 9:28
4 - 19% - 20% - 9:13
Normal Defense
1 - 34% - 35% - 16:27
2 - 38% - 35% - 18:09
3 - 28% - 30% - 13:28
4 - 0% - 0% - 0:00
PP Forward
1 - 43% - 50% - 1:43
2 - 57% - 50% - 2:16
PP Defense
1 - 46% - 50% - 1:51
2 - 54% - 50% - 2:08
PK Forward
1 - 51% - 50% - 4:02
2 - 49% - 50% - 3:55
PK Defense
1 - 44% - 50% - 3:28
2 - 56% - 50% - 4:29
PK3 Forward
1 - 0% - 50%
2 - 0% - 50%
PK3 Defense
1 - 0% - 50%
2 - 0% - 50%
44 Forward
1 - 0% - 50%
2 - 0% - 50%
44 Defense
1 - 0% - 50%
2 - 0% - 50%
Last Minute Offensive  - 0:00
Last Minute Defensive  - 0:00
Total
Forward - 60:00
Defense - 60:00

Play-by-Play

1st period


0:01 of 1st period - Sidney Crosby wins face-off versus Connor McDavid in neutral zone.
0:26 of 1st period - Mark Borowiecki is hit by Nico Hischier and loses puck.
0:35 of 1st period - Slapshot by Sonny Milano.
0:35 of 1st period - Stopped by Darcy Kuemper with a rebound.
0:51 of 1st period - Boone Jenner is hit by Brendan Smith and loses puck.
1:10 of 1st period - Wrist shot by Nathan Gerbe.
1:10 of 1st period - Stopped by Darcy Kuemper with a rebound.
1:12 of 1st period - Slapshot by Brendan Smith.
1:12 of 1st period - Shot Misses the Net.
1:14 of 1st period - Slapshot by Brendan Smith.
1:14 of 1st period - Deflect By Tomas Nosek.
1:14 of 1st period - Shot Blocked by Boone Jenner.
1:14 of 1st period - Puck is out of play.
1:15 of 1st period - Sidney Crosby wins face-off versus Tomas Nosek in Sharks zone.
1:20 of 1st period - Jordan Nolan is hit by Sidney Crosby and loses puck.
2:05 of 1st period - Nico Hischier is hit by Jonathan Huberdeau and loses puck.
2:10 of 1st period - Slapshot by Jonathan Huberdeau.
2:10 of 1st period - Stopped by Kaapo Kahkonen with a rebound.
2:12 of 1st period - Slapshot by Mark Borowiecki.
2:12 of 1st period - Deflect By Jonathan Huberdeau.
2:12 of 1st period - Shot Blocked by Christian Djoos.
2:12 of 1st period - Puck is out of play.
2:13 of 1st period - Connor McDavid wins face-off versus Dylan Larkin in Oilers zone.
2:18 of 1st period - Snap shot by Teuvo Teravainen.
2:18 of 1st period - Shot Misses the Net.
2:20 of 1st period - Snap shot by Teuvo Teravainen.
2:20 of 1st period - Deflect By Dylan Larkin.
2:20 of 1st period - Stopped by Kaapo Kahkonen with a rebound.
2:39 of 1st period - Boone Jenner is hit by Brenden Dillon and loses puck.
2:44 of 1st period - Slapshot by Adam Erne.
2:44 of 1st period - Shot Blocked by Boone Jenner.
2:46 of 1st period - Slapshot by Tyler Motte.
2:46 of 1st period - Shot Misses the Net.
2:48 of 1st period - Snap shot by Tyler Motte.
2:48 of 1st period - Shot Misses the Net.
2:50 of 1st period - Slapshot by Brandon Montour.
2:50 of 1st period - Shot Misses the Net.
2:52 of 1st period - Snap shot by Tyler Motte.
2:52 of 1st period - Shot Misses the Net.
4:16 of 1st period - Wrist shot by Sonny Milano.
4:16 of 1st period - Shot Misses the Net.
4:24 of 1st period - Mirco Mueller is hit by Nathan Gerbe.
4:55 of 1st period - Justin Braun is hit by Dennis Gilbert and loses puck.
5:04 of 1st period - Sam Gagner is hit by Justin Braun and loses puck.
5:35 of 1st period - Mark Borowiecki is hit by Brenden Dillon.
6:05 of 1st period - Zach Werenski is hit by Brandon Montour and loses puck.
6:16 of 1st period - Brenden Dillon is hit by Boone Jenner and loses puck.
6:33 of 1st period - Teuvo Teravainen is hit by Brenden Dillon and loses puck.
7:16 of 1st period - Mirco Mueller is hit by Tyler Motte and loses puck.
7:40 of 1st period - Shea Theodore is hit by Adam Erne and loses puck.
7:49 of 1st period - Slapshot by Tyler Motte.
7:49 of 1st period - Shot Blocked by Gabriel Landeskog.
7:51 of 1st period - Slapshot by Christian Djoos.
7:51 of 1st period - Shot Blocked by Gabriel Landeskog.
7:53 of 1st period - Snap shot by Tyler Motte.
7:53 of 1st period - Stopped by Darcy Kuemper without a rebound.
7:54 of 1st period - Connor McDavid wins face-off versus Dylan Larkin in Sharks zone.
8:06 of 1st period - Double Minor Penalty to Mark Borowiecki for High sticking.
8:07 of 1st period - Boone Jenner wins face-off versus Connor McDavid in Sharks zone.
8:07 of 1st period - Boone Jenner is hit by Brandon Montour.
8:16 of 1st period - Backhand shot by Evgeni Dadonov.
8:16 of 1st period - Stopped by Darcy Kuemper with a rebound.
8:18 of 1st period - Wrist shot by Kyle Okposo.
8:18 of 1st period - Shot Misses the Net.
10:19 of 1st period - Mirco Mueller is hit by Nathan Gerbe and loses puck.
10:50 of 1st period - Snap shot by Gabriel Landeskog.
10:50 of 1st period - Shot Misses the Net.
10:52 of 1st period - Slapshot by Zach Werenski.
10:52 of 1st period - Shot Misses the Net.
10:58 of 1st period - Slapshot by Gabriel Landeskog.
10:58 of 1st period - Shot Misses the Net.
11:57 of 1st period - Icing by Nico Hischier.
11:58 of 1st period - Nico Hischier wins face-off versus Boone Jenner in Oilers zone.
12:06 of 1st period - Penalty to Mark Borowiecki is over, Mark Borowiecki is back on ice.
12:25 of 1st period - Teuvo Teravainen is hit by Brenden Dillon and loses puck.
12:52 of 1st period - Boone Jenner is hit by Brandon Montour and loses puck.
13:13 of 1st period - Nico Hischier is hit by Brendan Gaunce and loses puck.
13:38 of 1st period - Dennis Gilbert is hit by Teuvo Teravainen and loses puck.
13:49 of 1st period - Christian Djoos is hit by Kenny Agostino and loses puck.
14:42 of 1st period - Tomas Nosek is hit by Kenny Agostino.
15:08 of 1st period - Slapshot by Jonathan Huberdeau.
15:08 of 1st period - Stopped by Kaapo Kahkonen with a rebound.
15:40 of 1st period - Snap shot by Sam Gagner.
15:40 of 1st period - Stopped by Darcy Kuemper with a rebound.
16:02 of 1st period - Slapshot by Dylan Larkin.
16:02 of 1st period - Stopped by Kaapo Kahkonen without a rebound.
16:03 of 1st period - Nico Hischier wins face-off versus Sidney Crosby in Oilers zone.
16:26 of 1st period - Minor Penalty to Dennis Gilbert for Hooking.
16:27 of 1st period - Sidney Crosby wins face-off versus Tomas Nosek in Oilers zone.
17:02 of 1st period - Off-side.
17:03 of 1st period - Boone Jenner wins face-off versus Sam Gagner in neutral zone.
18:26 of 1st period - Penalty to Dennis Gilbert is over, Dennis Gilbert is back on ice.
19:02 of 1st period - Slapshot by Zach Werenski.
19:02 of 1st period - Deflect By Michael Raffl.
19:02 of 1st period - Shot Misses the Net.
19:02 of 1st period - Puck is out of play.
19:03 of 1st period - Sidney Crosby wins face-off versus Nico Hischier in Oilers zone.
19:34 of 1st period - Alex Pietrangelo is hit by Kyle Okposo and loses puck.
19:39 of 1st period - Backhand shot by Connor McDavid.
19:39 of 1st period - Shot Misses the Net.
19:41 of 1st period - Slapshot by Connor McDavid.
19:41 of 1st period - Stopped by Darcy Kuemper with a rebound.
19:51 of 1st period - Dennis Gilbert is hit by Mark Borowiecki and loses puck.
19:57 of 1st period - Off-side.
19:58 of 1st period - Nico Hischier wins face-off versus Boone Jenner in neutral zone.
Goals for this period are 0 for Sharks vs 0 for Oilers.
Shots for this period are 4 for Sharks vs 6 for Oilers.

2nd period


0:01 of 2nd period - Boone Jenner wins face-off versus Connor McDavid in neutral zone.
0:08 of 2nd period - Snap shot by Zach Werenski.
0:08 of 2nd period - Stopped by Kaapo Kahkonen with a rebound.
0:16 of 2nd period - Snap shot by Boone Jenner.
0:16 of 2nd period - Stopped by Kaapo Kahkonen without a rebound.
0:17 of 2nd period - Nico Hischier wins face-off versus Sidney Crosby in Oilers zone.
0:28 of 2nd period - Wrist shot by Nico Hischier.
0:28 of 2nd period - Goal by Nico Hischier - Sharks : 0 - Oilers : 1.
0:29 of 2nd period - Boone Jenner wins face-off versus Connor McDavid in neutral zone.
0:32 of 2nd period - Kyle Okposo is hit by Justin Braun and loses puck.
1:23 of 2nd period - Wrist shot by Dylan Larkin.
1:23 of 2nd period - Stopped by Kaapo Kahkonen with a rebound.
1:25 of 2nd period - Slapshot by Justin Braun.
1:25 of 2nd period - Stopped by Kaapo Kahkonen with a rebound.
1:27 of 2nd period - Snap shot by Andreas Johnsson.
1:27 of 2nd period - Stopped by Kaapo Kahkonen with a rebound.
1:29 of 2nd period - Wrist shot by Teuvo Teravainen.
1:29 of 2nd period - Shot Misses the Net.
2:05 of 2nd period - Wrist shot by Connor McDavid.
2:05 of 2nd period - Shot Misses the Net.
2:07 of 2nd period - Slapshot by Kevin Shattenkirk.
2:07 of 2nd period - Stopped by Darcy Kuemper with a rebound.
2:09 of 2nd period - Snap shot by Evgeni Dadonov.
2:09 of 2nd period - Goal by Evgeni Dadonov - Sharks : 0 - Oilers : 2.
2:10 of 2nd period - Boone Jenner wins face-off versus Connor McDavid in neutral zone.
2:37 of 2nd period - Brandon Montour is hit by Mark Borowiecki and loses puck.
3:17 of 2nd period - Michael Raffl is hit by Dennis Gilbert and loses puck.
3:28 of 2nd period - Minor Penalty to Dennis Gilbert for Hooking.
3:29 of 2nd period - Sam Gagner wins face-off versus Sidney Crosby in Oilers zone.
3:40 of 2nd period - Brendan Smith is hit by Gabriel Landeskog and loses puck.
5:28 of 2nd period - Penalty to Dennis Gilbert is over, Dennis Gilbert is back on ice.
5:38 of 2nd period - Snap shot by Connor McDavid.
5:38 of 2nd period - Shot Misses the Net.
5:40 of 2nd period - Wrist shot by Connor McDavid.
5:40 of 2nd period - Stopped by Darcy Kuemper with a rebound.
5:42 of 2nd period - Wrist shot by Connor McDavid.
5:42 of 2nd period - Shot Misses the Net.
5:44 of 2nd period - Wrist shot by Evgeni Dadonov.
5:44 of 2nd period - Stopped by Darcy Kuemper without a rebound.
5:45 of 2nd period - Connor McDavid wins face-off versus Boone Jenner in Sharks zone.
6:21 of 2nd period - Christian Djoos is hit by Michael Raffl and loses puck.
6:34 of 2nd period - Brenden Dillon is hit by Sidney Crosby and loses puck.
7:15 of 2nd period - Brendan Gaunce is hit by Kevin Shattenkirk and loses puck.
7:22 of 2nd period - Mark Borowiecki is hit by Sam Gagner and loses puck.
7:43 of 2nd period - Wrist shot by Sonny Milano.
7:43 of 2nd period - Stopped by Darcy Kuemper without a rebound.
7:44 of 2nd period - Bobby Ryan wins face-off versus Sidney Crosby in Sharks zone.
7:49 of 2nd period - Snap shot by Nico Hischier.
7:49 of 2nd period - Shot Blocked by Alex Pietrangelo.
8:27 of 2nd period - Wrist shot by Sonny Milano.
8:27 of 2nd period - Stopped by Darcy Kuemper without a rebound.
8:28 of 2nd period - Boone Jenner wins face-off versus Connor McDavid in Sharks zone.
8:33 of 2nd period - Slapshot by Shea Theodore.
8:33 of 2nd period - Deflect By Kenny Agostino.
8:33 of 2nd period - Stopped by Kaapo Kahkonen with a rebound.
8:35 of 2nd period - Wrist shot by Robert Thomas.
8:35 of 2nd period - Shot Misses the Net.
8:37 of 2nd period - Snap shot by Boone Jenner.
8:37 of 2nd period - Shot Misses the Net.
8:39 of 2nd period - Snap shot by Robert Thomas.
8:39 of 2nd period - Stopped by Kaapo Kahkonen without a rebound.
8:40 of 2nd period - Evgeni Dadonov wins face-off versus Sidney Crosby in Oilers zone.
8:45 of 2nd period - Wrist shot by Connor McDavid.
8:45 of 2nd period - Deflect By Evgeni Dadonov.
8:45 of 2nd period - Stopped by Darcy Kuemper without a rebound.
8:46 of 2nd period - Connor McDavid wins face-off versus Sidney Crosby in Sharks zone.
8:47 of 2nd period - Wrist shot by Evgeni Dadonov.
8:47 of 2nd period - Shot Misses the Net.
8:53 of 2nd period - Connor McDavid is hit by Gabriel Landeskog and loses puck.
8:58 of 2nd period - Wrist shot by Gabriel Landeskog.
8:58 of 2nd period - Shot Misses the Net.
9:00 of 2nd period - Wrist shot by Gabriel Landeskog.
9:00 of 2nd period - Stopped by Kaapo Kahkonen with a rebound.
9:02 of 2nd period - Snap shot by Gabriel Landeskog.
9:02 of 2nd period - Stopped by Kaapo Kahkonen without a rebound.
9:03 of 2nd period - Nico Hischier wins face-off versus Dylan Larkin in Oilers zone.
9:03 of 2nd period - Nico Hischier is hit by Mark Borowiecki.
9:19 of 2nd period - Snap shot by Dylan Larkin.
9:19 of 2nd period - Shot Misses the Net.
10:22 of 2nd period - Wrist shot by Sam Gagner.
10:22 of 2nd period - Shot Hit the Post.
10:24 of 2nd period - Slapshot by Sam Gagner.
10:24 of 2nd period - Shot Misses the Net.
11:01 of 2nd period - Snap shot by Boone Jenner.
11:01 of 2nd period - Goal by Boone Jenner - Sharks : 1 - Oilers : 2.
11:02 of 2nd period - Dylan Larkin wins face-off versus Connor McDavid in neutral zone.
11:29 of 2nd period - Sidney Crosby is hit by Brandon Montour and loses puck.
11:51 of 2nd period - Icing by Brendan Smith.
11:52 of 2nd period - Nathan Gerbe wins face-off versus Boone Jenner in Oilers zone.
12:25 of 2nd period - Snap shot by Connor McDavid.
12:25 of 2nd period - Shot Misses the Net.
12:27 of 2nd period - Wrist shot by Kyle Okposo.
12:27 of 2nd period - Shot Misses the Net.
12:29 of 2nd period - Wrist shot by Evgeni Dadonov.
12:29 of 2nd period - Shot Misses the Net.
13:04 of 2nd period - Sam Gagner is hit by Mark Borowiecki and loses puck.
13:21 of 2nd period - Kevin Shattenkirk is hit by Andreas Johnsson and loses puck.
13:48 of 2nd period - Wrist shot by Evgeni Dadonov.
13:48 of 2nd period - Stopped by Darcy Kuemper without a rebound.
13:49 of 2nd period - Sidney Crosby wins face-off versus Nico Hischier in Sharks zone.
13:49 of 2nd period - Sidney Crosby is hit by Sonny Milano.
14:03 of 2nd period - Snap shot by Sidney Crosby.
14:03 of 2nd period - Shot Misses the Net.
14:05 of 2nd period - Snap shot by Sidney Crosby.
14:05 of 2nd period - Stopped by Kaapo Kahkonen with a rebound.
14:21 of 2nd period - Kyle Okposo is hit by Andreas Johnsson and loses puck.
14:26 of 2nd period - Wrist shot by Teuvo Teravainen.
14:26 of 2nd period - Shot Blocked by Kyle Okposo.
14:36 of 2nd period - Kenny Agostino is hit by Dennis Gilbert and loses puck.
14:49 of 2nd period - Slapshot by Tyler Motte.
14:49 of 2nd period - Shot Misses the Net.
15:09 of 2nd period - Snap shot by Sidney Crosby.
15:09 of 2nd period - Shot Misses the Net.
16:15 of 2nd period - Snap shot by Kevin Shattenkirk.
16:15 of 2nd period - Shot Blocked by Jonathan Huberdeau.
17:37 of 2nd period - Mark Borowiecki is hit by Jordan Nolan and loses puck.
17:56 of 2nd period - Wrist shot by Nico Hischier.
17:56 of 2nd period - Shot Blocked by Dylan Larkin.
17:59 of 2nd period - Icing by Mark Borowiecki.
18:00 of 2nd period - Connor McDavid wins face-off versus Dylan Larkin in Sharks zone.
18:01 of 2nd period - Wrist shot by Evgeni Dadonov.
18:01 of 2nd period - Shot Blocked by Alex Pietrangelo.
18:03 of 2nd period - Slapshot by Christian Djoos.
18:03 of 2nd period - Stopped by Darcy Kuemper with a rebound.
18:05 of 2nd period - Slapshot by Dennis Gilbert.
18:05 of 2nd period - Shot Blocked by Alex Pietrangelo.
18:11 of 2nd period - Snap shot by Evgeni Dadonov.
18:11 of 2nd period - Stopped by Darcy Kuemper with a rebound.
18:13 of 2nd period - Slapshot by Dennis Gilbert.
18:13 of 2nd period - Shot Blocked by Alex Pietrangelo.
18:27 of 2nd period - Mark Borowiecki is hit by Dennis Gilbert and loses puck.
18:40 of 2nd period - Wrist shot by Dylan Larkin.
18:40 of 2nd period - Shot Blocked by Christian Djoos.
19:08 of 2nd period - Slapshot by Teuvo Teravainen.
19:08 of 2nd period - Shot Blocked by Tyler Motte.
19:10 of 2nd period - Slapshot by Shea Theodore.
19:10 of 2nd period - Stopped by Kaapo Kahkonen without a rebound.
19:11 of 2nd period - Sidney Crosby wins face-off versus Connor McDavid in Oilers zone.
Goals for this period are 1 for Sharks vs 2 for Oilers.
Shots for this period are 12 for Sharks vs 11 for Oilers.

3rd period


0:01 of 3rd period - Evgeni Dadonov wins face-off versus Jonathan Huberdeau in neutral zone.
0:04 of 3rd period - Snap shot by Connor McDavid.
0:04 of 3rd period - Stopped by Darcy Kuemper with a rebound.
0:14 of 3rd period - Snap shot by Sidney Crosby.
0:14 of 3rd period - Goal by Sidney Crosby - Sharks : 2 - Oilers : 2.
0:15 of 3rd period - Sidney Crosby wins face-off versus Evgeni Dadonov in neutral zone.
0:18 of 3rd period - Snap shot by Jonathan Huberdeau.
0:18 of 3rd period - Shot Misses the Net.
0:40 of 3rd period - Bobby Ryan is hit by Kenny Agostino and loses puck.
1:47 of 3rd period - Wrist shot by Connor McDavid.
1:47 of 3rd period - Shot Blocked by Mark Borowiecki.
2:07 of 3rd period - Wrist shot by Christian Djoos.
2:07 of 3rd period - Deflect By Sonny Milano.
2:07 of 3rd period - Shot Blocked by Kenny Agostino.
2:07 of 3rd period - Puck is out of play.
2:08 of 3rd period - Nico Hischier wins face-off versus Robert Thomas in Sharks zone.
2:15 of 3rd period - Wrist shot by Nico Hischier.
2:15 of 3rd period - Stopped by Darcy Kuemper with a rebound.
2:21 of 3rd period - Snap shot by Sonny Milano.
2:21 of 3rd period - Stopped by Darcy Kuemper with a rebound.
2:23 of 3rd period - Slapshot by Dennis Gilbert.
2:23 of 3rd period - Stopped by Darcy Kuemper without a rebound.
2:24 of 3rd period - Sidney Crosby wins face-off versus Evgeni Dadonov in Sharks zone.
2:35 of 3rd period - Snap shot by Evgeni Dadonov.
2:35 of 3rd period - Deflect By Kyle Okposo.
2:35 of 3rd period - Shot Misses the Net.
2:35 of 3rd period - Puck is out of play.
2:36 of 3rd period - Boone Jenner wins face-off versus Connor McDavid in Sharks zone.
2:43 of 3rd period - Wrist shot by Boone Jenner.
2:43 of 3rd period - Shot Misses the Net.
2:45 of 3rd period - Slapshot by Boone Jenner.
2:45 of 3rd period - Deflect By Robert Thomas.
2:45 of 3rd period - Shot Misses the Net.
2:45 of 3rd period - Puck is out of play.
2:46 of 3rd period - Connor McDavid wins face-off versus Boone Jenner in Oilers zone.
3:15 of 3rd period - Snap shot by Boone Jenner.
3:15 of 3rd period - Stopped by Kaapo Kahkonen without a rebound.
3:16 of 3rd period - Sidney Crosby wins face-off versus Nico Hischier in Oilers zone.
3:21 of 3rd period - Snap shot by Jonathan Huberdeau.
3:21 of 3rd period - Shot Blocked by Sonny Milano.
3:23 of 3rd period - Wrist shot by Zach Werenski.
3:23 of 3rd period - Deflect By Bobby Ryan.
3:23 of 3rd period - Stopped by Kaapo Kahkonen without a rebound.
3:24 of 3rd period - Sidney Crosby wins face-off versus Sonny Milano in Oilers zone.
3:41 of 3rd period - Snap shot by Sidney Crosby.
3:41 of 3rd period - Stopped by Kaapo Kahkonen with a rebound.
3:43 of 3rd period - Wrist shot by Jonathan Huberdeau.
3:43 of 3rd period - Deflect By Sidney Crosby.
3:43 of 3rd period - Stopped by Kaapo Kahkonen with a rebound.
3:45 of 3rd period - Slapshot by Zach Werenski.
3:45 of 3rd period - Stopped by Kaapo Kahkonen with a rebound.
3:55 of 3rd period - Slapshot by Nico Hischier.
3:55 of 3rd period - Stopped by Darcy Kuemper with a rebound.
4:07 of 3rd period - Slapshot by Jonathan Huberdeau.
4:07 of 3rd period - Shot Blocked by Brendan Smith.
4:23 of 3rd period - Gabriel Landeskog is hit by Brendan Smith and loses puck.
5:08 of 3rd period - Slapshot by Sidney Crosby.
5:08 of 3rd period - Shot Misses the Net.
5:12 of 3rd period - Snap shot by Jonathan Huberdeau.
5:12 of 3rd period - Stopped by Kaapo Kahkonen without a rebound.
5:13 of 3rd period - Dylan Larkin wins face-off versus Connor McDavid in Oilers zone.
5:24 of 3rd period - Dylan Larkin is hit by Brenden Dillon and loses puck.
5:48 of 3rd period - Slapshot by Alex Pietrangelo.
5:48 of 3rd period - Stopped by Kaapo Kahkonen with a rebound.
5:50 of 3rd period - Snap shot by Michael Raffl.
5:50 of 3rd period - Shot Blocked by Dennis Gilbert.
6:43 of 3rd period - Snap shot by Brenden Dillon.
6:43 of 3rd period - Shot Blocked by Michael Raffl.
7:52 of 3rd period - Icing by Brandon Montour.
7:53 of 3rd period - Connor McDavid wins face-off versus Colton Sceviour in Oilers zone.
8:00 of 3rd period - Evgeni Dadonov is hit by Mirco Mueller and loses puck.
8:41 of 3rd period - Justin Braun is hit by Tomas Nosek and loses puck.
9:20 of 3rd period - Snap shot by Teuvo Teravainen.
9:20 of 3rd period - Shot Misses the Net.
9:36 of 3rd period - Backhand shot by Nathan Gerbe.
9:36 of 3rd period - Deflect By Tomas Nosek.
9:36 of 3rd period - Stopped by Darcy Kuemper without a rebound.
9:37 of 3rd period - Tomas Nosek wins face-off versus Boone Jenner in Sharks zone.
9:40 of 3rd period - Snap shot by Nathan Gerbe.
9:40 of 3rd period - Shot Misses the Net.
9:46 of 3rd period - Slapshot by Tomas Nosek.
9:46 of 3rd period - Stopped by Darcy Kuemper with a rebound.
9:48 of 3rd period - Slapshot by Kevin Shattenkirk.
9:48 of 3rd period - Shot Misses the Net.
9:50 of 3rd period - Slapshot by Kevin Shattenkirk.
9:50 of 3rd period - Shot Misses the Net.
9:52 of 3rd period - Slapshot by Kevin Shattenkirk.
9:52 of 3rd period - Stopped by Darcy Kuemper with a rebound.
10:28 of 3rd period - Mark Borowiecki is hit by Sonny Milano and loses puck.
10:43 of 3rd period - Mirco Mueller is hit by Brandon Montour and loses puck.
10:52 of 3rd period - Snap shot by Adam Erne.
10:52 of 3rd period - Shot Blocked by Shea Theodore.
10:54 of 3rd period - Snap shot by Tyler Motte.
10:54 of 3rd period - Shot Blocked by Robert Thomas.
10:56 of 3rd period - Slapshot by Brandon Montour.
10:56 of 3rd period - Shot Misses the Net.
12:04 of 3rd period - Double Minor Penalty to Dennis Gilbert for High sticking.
12:05 of 3rd period - Boone Jenner wins face-off versus Tomas Nosek in Oilers zone.
12:13 of 3rd period - Wrist shot by Teuvo Teravainen.
12:13 of 3rd period - Deflect By Jonathan Huberdeau.
12:13 of 3rd period - Shot Misses the Net.
12:13 of 3rd period - Puck is out of play.
12:14 of 3rd period - Tomas Nosek wins face-off versus Boone Jenner in Oilers zone.
12:42 of 3rd period - Slapshot by Zach Werenski.
12:42 of 3rd period - Shot Misses the Net.
12:44 of 3rd period - Wrist shot by Zach Werenski.
12:44 of 3rd period - Shot Blocked by Adam Erne.
12:46 of 3rd period - Slapshot by Zach Werenski.
12:46 of 3rd period - Stopped by Kaapo Kahkonen without a rebound.
12:47 of 3rd period - Tomas Nosek wins face-off versus Sidney Crosby in Oilers zone.
13:34 of 3rd period - Off-side.
13:35 of 3rd period - Tomas Nosek wins face-off versus Boone Jenner in neutral zone.
14:43 of 3rd period - Icing by Mark Borowiecki.
14:44 of 3rd period - Boone Jenner wins face-off versus Sam Gagner in Sharks zone.
14:56 of 3rd period - Off-side.
14:57 of 3rd period - Sidney Crosby wins face-off versus Tomas Nosek in neutral zone.
15:00 of 3rd period - Brandon Montour is hit by Sidney Crosby and loses puck.
15:27 of 3rd period - Slapshot by Teuvo Teravainen.
15:27 of 3rd period - Shot Misses the Net.
15:29 of 3rd period - Snap shot by Teuvo Teravainen.
15:29 of 3rd period - Shot Misses the Net.
15:31 of 3rd period - Slapshot by Boone Jenner.
15:31 of 3rd period - Shot Misses the Net.
16:04 of 3rd period - Penalty to Dennis Gilbert is over, Dennis Gilbert is back on ice.
17:20 of 3rd period - Tyler Motte is hit by Jonathan Huberdeau and loses puck.
17:56 of 3rd period - Mirco Mueller is hit by Brendan Smith and loses puck.
18:21 of 3rd period - Snap shot by Boone Jenner.
18:21 of 3rd period - Stopped by Kaapo Kahkonen with a rebound.
18:23 of 3rd period - Wrist shot by Boone Jenner.
18:23 of 3rd period - Shot Misses the Net.
18:25 of 3rd period - Slapshot by Shea Theodore.
18:25 of 3rd period - Shot Misses the Net.
19:02 of 3rd period - Icing by Evgeni Dadonov.
19:03 of 3rd period - Sidney Crosby wins face-off versus Connor McDavid in Oilers zone.
19:20 of 3rd period - Snap shot by Boone Jenner.
19:20 of 3rd period - Shot Misses the Net.
Goals for this period are 1 for Sharks vs 0 for Oilers.
Shots for this period are 10 for Sharks vs 8 for Oilers.

Overtime #1


0:01 of 1st overtime period - Sidney Crosby wins face-off versus Nico Hischier in neutral zone.
0:08 of 1st overtime period - Wrist shot by Connor McDavid.
0:08 of 1st overtime period - Stopped by Darcy Kuemper with a rebound.
0:10 of 1st overtime period - Snap shot by Connor McDavid.
0:10 of 1st overtime period - Shot Blocked by Alex Pietrangelo.
0:12 of 1st overtime period - Snap shot by Nico Hischier.
0:12 of 1st overtime period - Stopped by Darcy Kuemper with a rebound.
0:14 of 1st overtime period - Slapshot by Kevin Shattenkirk.
0:14 of 1st overtime period - Shot Blocked by Alex Pietrangelo.
0:16 of 1st overtime period - Slapshot by Kevin Shattenkirk.
0:16 of 1st overtime period - Stopped by Darcy Kuemper with a rebound.
0:28 of 1st overtime period - Snap shot by Jonathan Huberdeau.
0:28 of 1st overtime period - Stopped by Kaapo Kahkonen without a rebound.
0:29 of 1st overtime period - Kyle Okposo wins face-off versus Dylan Larkin in Oilers zone.
0:50 of 1st overtime period - Brandon Montour is hit by Dylan Larkin and loses puck.
0:55 of 1st overtime period - Wrist shot by Jonathan Huberdeau.
0:55 of 1st overtime period - Stopped by Kaapo Kahkonen without a rebound.
0:56 of 1st overtime period - Nico Hischier wins face-off versus Sidney Crosby in Oilers zone.
1:20 of 1st overtime period - Icing by Connor McDavid.
1:21 of 1st overtime period - Dylan Larkin wins face-off versus Nico Hischier in Oilers zone.
1:22 of 1st overtime period - Slapshot by Jonathan Huberdeau.
1:22 of 1st overtime period - Stopped by Kaapo Kahkonen with a rebound.
2:14 of 1st overtime period - Slapshot by Kevin Shattenkirk.
2:14 of 1st overtime period - Stopped by Darcy Kuemper with a rebound.
2:18 of 1st overtime period - Slapshot by Bobby Ryan.
2:18 of 1st overtime period - Deflect By Tyler Motte.
2:18 of 1st overtime period - Stopped by Darcy Kuemper without a rebound.
2:19 of 1st overtime period - Sidney Crosby wins face-off versus Nico Hischier in Sharks zone.
2:38 of 1st overtime period - Kyle Okposo is hit by Gabriel Landeskog and loses puck.
2:56 of 1st overtime period - Dylan Larkin is hit by Connor McDavid and loses puck.
3:34 of 1st overtime period - Boone Jenner is hit by Evgeni Dadonov and loses puck.
3:51 of 1st overtime period - Kevin Shattenkirk is hit by Sidney Crosby and loses puck.
4:04 of 1st overtime period - Wrist shot by Sidney Crosby.
4:04 of 1st overtime period - Goal by Sidney Crosby - Sharks : 3 - Oilers : 2.
Goals for this period are 1 for Sharks vs 0 for Oilers.
Shots for this period are 4 for Sharks vs 5 for Oilers.